cohdb
Replays
Latest Replays
All Replays
Popular Replays
Top Player Replays
Match Explorer
How It Works
Community
CoH3 Stats
Reddit
Sign in to upload your games and track your stats! →
Sign in with Steam
Match 46740089
Unlisted
Match 46740089
Overview
Messages
Build Orders
End
Construct Infanterie Kompanie
MG 42 Machine Gun Team
GrW 34 Mortar Team
MG 42 Machine Gun Team
Grenadier Squad
Grenadier Squad
Construct Luftwaffe Kompanie
221 Scout Car
Flak 30 Anti-aircraft Gun Team
Seablaze
TrendyStream9
Boujgie Rat
Tatari◑。
yylyoo
magaserazhev
0
0
Comments
sign in to comment!
No comments posted yet!